 Dungeon Crawl Stone Soup version 0.14.2 (webtiles) character file.

1084 Amnesiac the Prestidigitator (level 7, -2/33 HPs)
             Began as a Spriggan Artificer on Feb 4, 2018.
             Was a Believer of Nemelex Xobeh.
             Killed from afar by an orc wizard (6 damage)
             ... with a magic dart
             ... on Level 4 of the Dungeon.
             The game lasted 00:09:24 (6548 turns).

Amnesiac the Prestidigitator (Spriggan Artificer)   Turns: 6548, Time: 00:09:25

HP  -2/33        AC  2     Str  7      XL: 7   Next: 84%
MP  31/31        EV 24     Int 13      God: Nemelex Xobeh [**....]
Gold 160         SH  0     Dex 19      Spells:  0 memorised,  6 levels left

rFire  . . .     SeeInvis +     w - +1,+2 quarterstaff (distort)
rCold  . . .     Clarity  .     e - +0 robe
rNeg   . . .     Conserve .     (shield restricted)
rPois  .         rCorr    .     (helmet restricted)
rElec  .         rRot     .     (no cloak)
SustAb . .       Spirit   .     (gloves unavailable)
rMut   .         Warding  .     (boots unavailable)
Saprov . . .     Stasis   .     (no amulet)
MR     +....                    (no ring)
                                j - ring of magical power

@: very quick, somewhat resistant to hostile enchantments, fairly stealthy
A: unfitting armour, see invisible, herbivore 3, speed 3, slow metabolism 2
a: Draw One, Peek at Two, Renounce Religion


You were on level 4 of the Dungeon.
You worshipped Nemelex Xobeh.
Nemelex Xobeh was pleased with you.
You were not hungry.

You visited 2 branches of the dungeon, and saw 6 of its levels.
You also visited: Sewer.

You collected 160 gold pieces.

Inventory:

Hand weapons
 w - a +1,+2 quarterstaff of distortion (weapon)
 z - a +0 blowgun
 G - a +0,+2 short sword of protection
Missiles
 k - 42 poisoned needles
Armour
 e - a +0 robe (worn)
 r - a +0 cloak
Magical devices
 b - a wand of flame (15)
 c - a wand of enslavement (15)
 d - a wand of random effects (15)
 B - a wand of flame (7)
Comestibles
 o - a choko
 p - 5 bread rations
 q - an apple
Scrolls
 f - a scroll of teleportation {!r, unknown}
 h - a scroll of blinking {!r, unknown}
 l - 2 scrolls of enchant armour {!r, unknown}
 m - 2 scrolls of remove curse {!r, unknown}
 s - 3 scrolls of magic mapping {!r, unknown}
 t - 2 scrolls of enchant weapon I {!r, unknown}
 x - a scroll of fear {!r, unknown}
 y - 4 scrolls of identify {!r, unknown}
 E - 3 scrolls of fog {!r, unknown}
 F - a scroll of enchant weapon II {!r, unknown}
Jewellery
 j - a ring of magical power (left hand)
Potions
 i - 2 potions of heal wounds {!q, unknown}
 n - a potion of restore abilities {!q, unknown}
 v - a potion of curing {!q, unknown}
 A - a potion of haste {!q, unknown}
 C - 3 potions of flight {!q, unknown}
 D - 2 potions of magic {!q, unknown}
Books
 g - a book of the Dragon

   Spells                             Type                      Level
   Flight                             Charms/Air                   3
   Cause Fear                         Hexes                        4
   Bolt of Fire                       Conjuration/Fire             6
   Dragon Form                        Transmutation                7
   Dragon's Call                      Summoning                    9
Magical staves
 u - an uncursed staff of wizardry {unknown}
Miscellaneous
 a - a plain deck of destruction


   Skills:
 - Level 1.0 Fighting
 - Level 2.0 Short Blades
 + Level 7.9 Dodging
 - Level 1.5 Stealth
 * Level 10.8 Evocations


You had 6 spell levels left.
You didn't know any spells.

Dungeon Overview and Level Annotations

Branches:
Dungeon (5/15)             Temple (1/1) D:4

Altars:
Cheibriados
Dithmenos
Elyvilon
Kikubaaqudgha
Nemelex Xobeh
Okawaru
Trog
Vehumet
Xom
Yredelemnul
Zin
The Shining One


Innate Abilities, Weirdness & Mutations

You are tiny and cannot use many weapons and most armour.
You have supernaturally acute eyesight.
You are a herbivore.
You cover ground extremely quickly.
You need consume almost no food.


Message History

* * * LOW HITPOINT WARNING * * *
You sock the gnoll!
You kill the gnoll!
You see here a gnoll corpse.
You offer a prayer to Nemelex Xobeh.
You can now peek at two random cards from a deck.
The gnoll corpse glows slightly and disappears.
Nemelex Xobeh is pleased with you.
There is a stone staircase leading down here.
There is a stone staircase leading down here.
You climb downwards.
You hear the hiss of flowing sand.
There is an entrance to an ossuary on this level.
Hurry and find it before the portal is buried!
There is a stone staircase leading up here.
The orc wizard gestures at you while chanting.
The magic dart hits you!
* * * LOW HITPOINT WARNING * * *
You climb upwards.
There is a stone staircase leading down here.
There is a stone staircase leading down here.
You start resting.
An orc wizard comes up the stairs.
It is wielding a dagger.
You hit the orc wizard.
The orc wizard is lightly wounded.
The orc wizard disappears!
No target in view!
No target in view!
You start resting.
The orc wizard mumbles some strange words.
The orc wizard seems to speed up.
You completely miss the orc wizard.
The orc wizard is lightly wounded.
The orc wizard points at you and mumbles some strange words.
The magic dart hits you!
* * * LOW HITPOINT WARNING * * *
The orc wizard hits you with a dagger.
* * * LOW HITPOINT WARNING * * *
You miss the orc wizard.
The orc wizard is lightly wounded.
The orc wizard closely misses you. The orc wizard casts a spell at you.
The magic dart hits you!
* * * LOW HITPOINT WARNING * * *
You are too injured to fight recklessly!
You are too injured to fight recklessly!
You are too injured to fight recklessly!
You are too injured to fight recklessly!
You miss the orc wizard.
The orc wizard is lightly wounded.
The orc wizard completely misses you.
Unknown command.
You hit the orc wizard but do no damage.
The orc wizard is lightly wounded.
The orc wizard disappears!
Unknown command.
Wield which item (- for none, * to show all)? (? for menu, Esc to quit)
Okay, then.
Wield which item (- for none, * to show all)? (? for menu, Esc to quit)
Okay, then.
You start resting.
The orc wizard gestures at you while chanting.
The magic dart hits you!
You die...
Your body disappears without a glow.

########.##........##.##...##
# #.##.#.#..#.##.#.###.# #
#......##.#........#.# #
#......##.####.#.#.#.# #
#.##.#.##.####.##...## #
#.##...##......###.## #
#.###..######### #.#### #
#......######## #....# #####
#####.###@..>.# ####.#
....#######...##.....# #.#
..........#..........# #.#
....#####............# #.#
#.### #............## #.# #.#
#.......#..#..# ###.# #.#
#..o.##.##.##.## #...# #.#
#....#.........###.### #.#
####..#...............#


You could see an orc wizard.

Vanquished Creatures
  The ghost of Amnesiac the Charlatan, an experienced SpAr of Nemelex Xobeh (D:4)
  The ghost of Amnesiac the Charlatan, an average SpAr (Sewer)
  2 orc priests
  A big fish (D:4)
  An iguana (D:4)
  4 orc wizards (D:3)
  6 gnolls
  6 adders
  3 worms
  10 giant geckos
  14 orcs
  4 ball pythons
  7 bats
  3 giant cockroaches
  11 goblins
  8 hobgoblins
  5 jackals
  13 kobolds
  2 quokkas
  2 giant newts (D:1)
  13 rats
117 creatures vanquished.

Vanquished Creatures (others)
  A big kobold (Sewer)
  A green rat (Sewer)
  2 worms
  2 orcs
  A jackal (D:2)
  A quokka (D:3)
8 creatures vanquished.

Grand Total: 125 creatures vanquished

Notes
Turn   | Place    | Note
--------------------------------------------------------------
     0 | D:1      | Amnesiac, the Spriggan Artificer, began the quest for the Orb.
     0 | D:1      | Reached XP level 1. HP: 9/9 MP: 2/2
    33 | D:1      | Reached skill level 1 in Fighting
   106 | D:1      | Reached XP level 2. HP: 5/14 MP: 5/5
   434 | D:1      | Found a shimmering altar of Xom.
   999 | D:1      | Reached XP level 3. HP: 16/18 MP: 8/8
  1442 | D:2      | Reached skill level 5 in Evocations
  2328 | D:3      | Reached XP level 4. HP: 22/22 MP: 11/11
  2547 | D:3      | Reached skill level 6 in Evocations
  2748 | D:3      | Reached XP level 5. HP: 10/25 MP: 15/15
  2874 | D:3      | Reached skill level 5 in Dodging
  3110 | D:3      | Found an iron altar of Okawaru.
  3111 | D:3      | Found a bloodstained altar of Trog.
  3214 | D:3      | Reached skill level 7 in Evocations
  3288 | D:4      | Found a glowing drain.
  3306 | Sewer    | Entered a sewer
  3570 | Sewer    | Noticed Amnesiac's ghost (average SpAr)
  3576 | Sewer    | Killed Amnesiac's ghost
  3576 | Sewer    | Reached skill level 8 in Evocations
  3576 | Sewer    | Reached XP level 6. HP: 18/30 MP: 19/19
  4071 | D:4      | Noticed Amnesiac's ghost (experienced SpAr)
  4085 | D:4      | Reached skill level 9 in Evocations
  4092 | D:4      | Found a staircase to the Ecumenical Temple.
  4105 | Temple   | Entered the Ecumenical Temple
  4275 | Temple   | Became a worshipper of Nemelex Xobeh the Trickster
  4675 | D:2      | Received a gift from Nemelex Xobeh
  5135 | D:4      | Reached XP level 7. HP: 31/33 MP: 21/21
  5578 | D:2      | Acquired Nemelex Xobeh's first power
  6253 | D:4      | Killed Amnesiac's ghost
  6253 | D:4      | Reached skill level 10 in Evocations
  6360 | D:5      | Entered Level 5 of the Dungeon
  6398 | D:4      | Acquired Nemelex Xobeh's second power
  6548 | D:4      | Killed from afar by an orc wizard

Action                   |  1- 3 |  4- 6 |  7- 9 || total
-------------------------+-------+-------+-------++-------
Melee: Short sword       |   130 |       |       ||   130
       Quarterstaff      |    13 |   164 |    58 ||   235
  Use: Potion            |       |     1 |       ||     1
 Stab: Sleeping          |     2 |     6 |       ||     8
       Distracted        |     1 |     2 |       ||     3
